 Dungeon Crawl Stone Soup version 0.19.5 (webtiles) character file.

436 equalderp2856 the Scratcher (level 6, -3/28 HPs)
             Began as a Felid Fighter on Mar 4, 2017.
             Shot with an arrow by a centaur (10 damage)
             ... on level 5 of the Dungeon.
             The game lasted 00:16:44 (7864 turns).

equalderp2856 the Scratcher (Felid Fighter)         Turns: 7864, Time: 00:16:46

Health: -3/28      AC:  2    Str: 13    XL:     6   Next: 69%
Magic:  7/7        EV: 20    Int: 10    God:
Gold:   283        SH:  0    Dex: 16    Spells: 2 memorised, 2 levels left
                                        Lives:  0   Deaths: 1

rFire  . . .     SeeInvis +       - Unarmed
rCold  . . .     Gourm    .     (armour unavailable)
rNeg   . . .     Faith    .     (shield unavailable)
rPois  .         Spirit   .     (helmet unavailable)
rElec  .         Reflect  .     (cloak unavailable)
rCorr  .         Harm     .     (gloves unavailable)
MR     .....                    (boots unavailable)
Stlth  +++.......               (no amulet)
                                (no ring)
                                (no ring)

@: lethally poisoned (-3 -> -5), quick
A: no armour, no weapons or thrown items, stealth, claws 1, fangs 3, see
invisible, carnivore 3, speed 1, shaggy fur 2, slow metabolism 1, sharp paws
a: no special abilities


You were on level 5 of the Dungeon.
You were not hungry.

You visited 1 branch of the dungeon, and saw 5 of its levels.

You collected 283 gold pieces.

Inventory:

Jewellery
 s - an uncursed ring of stealth {unknown}
 u - a +3 amulet of reflection {unknown}
Wands
 v - a wand of flame (21/48)
Scrolls
 c - a scroll of blinking {unknown}
 d - a scroll of magic mapping {unknown}
 e - 3 scrolls of identify {unknown}
 g - 2 scrolls of teleportation {unknown}
 i - 4 scrolls of remove curse {unknown}
 j - a scroll of immolation {unknown}
 m - a scroll of enchant weapon {unknown}
 n - 2 scrolls of fog {unknown}
 o - a scroll of recharging {unknown}
 t - a scroll of amnesia {unknown}
Potions
 a - a potion of might
 l - a potion of degeneration {unknown}
 q - a potion of mutation {unknown}
Books
 p - a book of Minor Magic

   Spells                             Type                      Level
   a - Magic Dart                     Conjuration                  1
   b - Blink                          Translocation                2
   c - Call Imp                       Summoning                    2
   d - Repel Missiles                 Charms/Air                   2
   e - Slow                           Hexes                        2
   f - Conjure Flame                  Conjuration/Fire             3
   g - Mephitic Cloud                 Conjuration/Poison/Air       3
 r - a book of Minor Magic

   Spells                             Type                      Level
   a - Magic Dart                     Conjuration                  1
   b - Blink                          Translocation                2
   c - Call Imp                       Summoning                    2
   d - Repel Missiles                 Charms/Air                   2
   e - Slow                           Hexes                        2
   f - Conjure Flame                  Conjuration/Fire             3
   g - Mephitic Cloud                 Conjuration/Poison/Air       3
Comestibles
 b - 3 meat rations
 f - 3 bread rations


   Skills:
 + Level 3.6 Fighting
 + Level 5.2 Dodging
 + Level 5.1 Stealth
 + Level 6.4 Unarmed Combat
 + Level 0.3 Spellcasting
 + Level 0.5 Conjurations


You had 2 spell levels left.
You knew the following spells:

 Your Spells              Type           Power        Failure   Level  Hunger
a - Magic Dart            Conj           #...         30%         1    ##.....
b - Blink                 Tloc           N/A          61%         2    ###....


Dungeon Overview and Level Annotations

Branches:
Dungeon (5/15)             Temple (0/1) D:5

Altars:
Dithmenos
Kikubaaqudgha
Okawaru
Sif Muna
Trog
Yredelemnul


Innate Abilities, Weirdness & Mutations

You cannot wear armour.
You are incapable of wielding weapons or throwing items.
Your paws allow you to move quietly. (Stealth)
You have sharp claws.
You have razor-sharp teeth.
You have supernaturally acute eyesight. (SInv)
You are carnivorous and can eat meat at any time.
You cover ground quickly.
You are covered in thick fur. (AC +2)
You have a slow metabolism.
Your sharp claws are effective at attacking unaware monsters.


Message History

You kill the worker ant!
You feel sick. The adder skeleton closely misses you.
You claw the adder skeleton!
You destroy the adder skeleton!
You feel sick.
You feel sick.
You feel sick.
A ball python comes into view.
You feel sick.
Found a scroll labeled YWOTSE OXOEBUA.
Found a stone staircase leading down.
You feel sick.
You feel sick.
A centaur comes into view.
The centaur shouts!
The ball python hisses angrily.
The centaur wields a shortbow.
The centaur shoots an arrow.
The arrow hits you!
* * * LOW HITPOINT WARNING * * *
You see here an arrow.
The centaur shoots an arrow.
The arrow hits you!
You die...

#......# #.....
.#####......# #.....
............#######.....
.c........S.............
........................
#.......................
#.......................
#......(................
#......@....#######.....
######.....># #.....
#......# #..... #......#
#..... +......# #.....
#......# #..... #......#
#..... #..?...# #.....


You could see a centaur and a ball python.

Vanquished Creatures
  A phantom (D:4)
  A crimson imp (D:5)
  2 hounds (D:4)
  2 iguanas (D:4)
  2 orc wizards (D:3)
  2 worker ants
  A worker ant zombie (D:5)
  4 adders
  An adder zombie (D:5)
  An ooze (D:5)
  An adder skeleton (D:5)
  4 worms
  3 dart slugs
  2 leopard geckos (D:3)
  10 orcs
  2 giant cockroaches (D:3)
  9 goblins
  10 hobgoblins
  A quokka (D:2)
  3 ball pythons
  9 bats
  4 frilled lizards
  2 gnoll zombies (D:3)
  6 kobolds
  7 rats
90 creatures vanquished.

Vanquished Creatures (others)
  An orc wizard (D:3)
1 creature vanquished.

Grand Total: 91 creatures vanquished

Notes
Turn   | Place    | Note
-------+----------+-------------------------------------------
     0 | D:1      | equalderp2856 the Felid Fighter began the quest for the Orb.
     0 | D:1      | Reached XP level 1. HP: 10/10 MP: 2/2
   323 | D:1      | Reached XP level 2. HP: 2/14 MP: 3/3
  1166 | D:2      | Found an iron altar of Okawaru.
  1476 | D:2      | Reached skill level 1 in Stealth
  1642 | D:2      | Reached XP level 3. HP: 13/17 MP: 4/4
  3281 | D:3      | Found a bloodstained altar of Trog.
  3378 | D:3      | Reached XP level 4. HP: 17/21 MP: 5/5
  3395 | D:3      | Reached skill level 5 in Unarmed Combat
  3571 | D:2      | Slain by an orc
  3572 | D:2      | Reached XP level 3. HP: -1/17 MP: 4/4
  3690 | D:3      | Reached XP level 4. HP: 16/21 MP: 5/5
  4098 | D:3      | Learned a level 1 spell: Magic Dart
  4104 | D:3      | Learned a level 2 spell: Blink
  4517 | D:3      | Found an ancient bone altar of Kikubaaqudgha.
  4579 | D:3      | Reached XP level 5. HP: 24/24 MP: 6/6
  4723 | D:3      | Found a deep blue altar of Sif Muna.
  5206 | D:4      | Found a shadowy altar of Dithmenos.
  5206 | D:4      | Noticed a phantom
  5599 | D:3      | Found a basalt altar of Yredelemnul.
  7127 | D:4      | Reached skill level 5 in Dodging
  7302 | D:4      | Killed a phantom
  7302 | D:4      | Reached skill level 6 in Unarmed Combat
  7302 | D:4      | Gained mutation: You are covered in thick fur. (AC +2) [Felid growth]
  7302 | D:4      | Reached XP level 6. HP: 11/28 MP: 7/7
  7654 | D:5      | Entered Level 5 of the Dungeon
  7698 | D:5      | Found a staircase to the Ecumenical Temple.
  7746 | D:5      | Reached skill level 5 in Stealth
  7864 | D:5      | Shot with an arrow by a centaur

Skill      XL: |  1  2  3  4  5  6 |
---------------+-------------------+-----
Stealth        | 1 3 4 5 |  5.1
Unarmed Combat | 5 6 |  6.4
Dodging        | 5 |  5.2
Fighting       | |  3.6
Spellcasting   | |  0.3
Conjurations   | |  0.5

Action                   |  1- 3 |  4- 6 || total
-------------------------+-------+-------++-------
Melee: Unarmed           |   139 |   153 ||   292
       Bite              |     9 |    17 ||    26
       Punch             |     4 |     9 ||    13
 Cast: Magic Dart        |       |     2 ||     2
 Stab: Sleeping          |     3 |     8 ||    11
       Distracted        |     1 |     1 ||     2
  Eat: Chunk             |    11 |     2 ||    13
       Pizza             |       |     1 ||     1
       Beef jerky        |       |     1 ||     1
Armor: Skin              |     9 |       ||     9
Dodge: Dodged            |   127 |    92 ||   219
